 Dungeon Crawl Stone Soup version 0.24-a0-67-ga78bd38 (webtiles) character file.

Game seed: 312722143070966674

72 JeffiDaFish the Skirmisher (level 4, -1/29 HPs)
             Began as a Gargoyle Fighter on Feb 6, 2019.
             Splashed by a jelly's acid (5 damage)
             ... on level 2 of the Dungeon.
             The game lasted 00:03:05 (1243 turns).

JeffiDaFish the Skirmisher (Gargoyle Fighter)       Turns: 1243, Time: 00:03:05

Health: -1/29      AC:  2    Str: 20    XL:     4   Next: 26%
Magic:  4/4        EV:  7    Int:  9    God:
Gold:   43         SH:  9    Dex:  9    Spells: 3/3 levels left

rFire    . . .     SeeInvis .   a - +0 flail
rCold    . . .     Gourm    .   c - +0 shield
rNeg     + . .     Faith    .   b - +0 scale mail
rPois    ∞         Spirit   .   (no helmet)
rElec    +         Reflect  .   (no cloak)
rCorr    .         Harm     .   (no gloves)
MR       .....                  (no boots)
Stlth    ..........             (no amulet)
HPRegen  0.09/turn              (no ring)
MPRegen  0.09/turn              (no ring)

@: corroded
A: negative energy resistance 1, electricity resistance, unbreathing,
petrification resistance, rot immunity, AC +3
a: no special abilities


You were on level 2 of the Dungeon.
You were not hungry.

You visited 1 branch of the dungeon, and saw 2 of its levels.

You collected 43 gold pieces.

Inventory:

Hand Weapons
 a - a +0 flail (weapon)
Armour
 b - a +0 scale mail (worn)
 c - a +0 shield (worn)
Jewellery
 h - a cursed ring of attention {unknown}
Scrolls
 e - 4 scrolls of identify
Potions
 d - a potion of might
Comestibles
 f - 5 rations
 g - 2 chunks of flesh


   Skills:
 * Level 4.0 Fighting
 * Level 2.6 Maces & Flails
 + Level 3.8 Armour
 - Level 0.1 Dodging
 + Level 4.0 Shields


You had 3 spell levels left.
You didn't know any spells.
Your spell library was empty.

Dungeon Overview and Level Annotations

Branches:
Dungeon (2/15)

Altars:
Vehumet


Innate Abilities, Weirdness & Mutations

You are resistant to torment.
Your stone body is resilient. (AC +3)
You are immune to poison.
You resist negative energy. (rN+)
You are resistant to electric shocks. (rElec)
You can survive without breathing.
You are immune to petrification.
You are immune to rotting.


Message History

You hit the jelly.
Your hands burn!
The jelly is moderately wounded.
The jelly hits you but does no damage. The jelly barely misses you.
You hit the jelly but do no damage. The acid corrodes you!
Your hands burn!
The jelly is moderately wounded.
The jelly hits you but does no damage.
You hit the jelly but do no damage.
Your hands burn!
The jelly is moderately wounded.
The jelly hits you but does no damage.
You hit the jelly but do no damage.
Your hands burn!
The jelly is moderately wounded.
The jelly hits you but does no damage. The jelly hits you.
The acid corrodes you!
You are splashed with acid!
* * * LOW HITPOINT WARNING * * *
You are too injured to fight recklessly!
You are too injured to fight recklessly!
You are too injured to fight recklessly!
You are too injured to fight recklessly!
You hit the jelly but do no damage.
Your hands burn!
You die...

#. #.# ## #.. .. #.. . #.. .#
#####..##.##### ######
.......J....... ### (....#####
#@# ######.. ###......# #.#
##..##.## .......#.# #.#
##.###_##. ###..#.#.# ##.##
#.#..###.# .....#.#.# #...#
#.#...##.. ###.##.#.# #...#
#.#...#### #)##.#.# #...#
##.###.# #......######...#####
##...##
###....####...........####..#####


You could see a jelly.

Vanquished Creatures
  An adder (D:2)
  An ooze (D:2)
  A dart slug (D:1)
  3 leopard geckos
  2 giant cockroaches
  3 goblins (D:1)
  7 hobgoblins
  10 jackals
  A quokka (D:2)
  A ball python (D:1)
  8 bats
  4 frilled lizards
  4 kobolds
  4 rats
50 creatures vanquished.

Notes
Turn   | Place    | Note
-------+----------+-------------------------------------------
     0 | D:1      | JeffiDaFish the Gargoyle Fighter began the quest for the
                  | Orb.
     0 | D:1      | Reached XP level 1. HP: 14/14 MP: 1/1
   123 | D:1      | Reached XP level 2. HP: 19/19 MP: 2/2
   442 | D:1      | Reached XP level 3. HP: 23/23 MP: 3/3
   757 | D:2      | Reached XP level 4. HP: 29/29 MP: 4/4
   907 | D:2      | Found a faded altar of an unknown god.
  1108 | D:2      | Found a radiant altar of Vehumet.
  1243 | D:2      | Splashed by a jelly's acid

Vault maps used:
D:1:      dpeg_arrival_shrine
D:2:      marbit_many_paths, first_ration, chequers_ecumenical_altar_island

Skill      XL: |  1  2  3  4 |
---------------+-------------+-----
Fighting       | 4 |  4.0
Shields        | 4 |  4.0
Maces & Flails | |  2.6
Armour         | |  3.8
Dodging        | |  0.1

Action                   |  1- 3 |  4- 6 || total
-------------------------+-------+-------++-------
Melee: Flail             |   142 |    70 ||   212
  Use: Scroll            |     3 |       ||     3
       Potion            |     2 |       ||     2
  Eat: Chunk             |       |     2 ||     2
Armor: Scale mail        |    84 |    36 ||   120
Dodge: Dodged            |    43 |    35 ||    78
Block: Shield            |    80 |    40 ||   120

Table legend:
 A = Non-vault XP
 B = Vault XP
 C = Vault XP percentage of total XP
 D = Non-vault monster count
 E = Vault monster count
 F = Vault count percentage of total count
                 A         B        C        D         E       F
            +---------+---------+-------+---------+---------+-------
      Total |     103 |       1 |   1.0 |      49 |       1 |   2.0
            +---------+---------+-------+---------+---------+-------
        D:1 |      47 |       0 |   0.0 |      26 |       0 |   0.0
        D:2 |      56 |       1 |   1.8 |      23 |       1 |   4.2
            +---------+---------+-------+---------+---------+-------
